AoeStats
← Carple

MegaRandom

504551404Analyzed
4v4 RM · 27d ago on Sep 5, 2026· 40m 3s· 8 players
Game mode
Random Map
Map size
Large (8 player)
Population
200
Speed
Normal
Resources
Standard
Victory
Conquest
Starting age
Dark Age
Ending age
Imperial Age
RankedLock teamsTeams togetherTeam positionsShared explorationLock speedFull tech treeHidden civsTurbo modeCheats
Victory
Defeat
🇦🇷 Persians · Argentina
1157
+11
🇦🇷 Mongols · Argentina
1138
+12
🇦🇷 Ethiopians · Argentina
1070
+14
🇨🇦 Spanish · Canada
987
+18
🇰🇷 Tatars · South Korea
1093
-16
🇹🇼 Huns · Taiwan
1063
-15
🇩🇪 Teutons · Germany
1002
-12
🇳🇴 Cumans · Norway
995
-12
CyanCheese20019
10:22 Feudal Age
10:23 Loom
10:54 Loom
10:56 Double-Bit Axe
20:08 Horse Collar
24:03 Wheelbarrow
26:57 Castle Age
26:22 Gold Mining
27:57 Hand Cart
27:54 Bow Saw
28:38 Stone Mining
29:19 Heavy Plow
30:46 Gold Shaft Mining
42:33 Imperial Age
40:06 Fletching
ButterMyHead
11:55 Feudal Age
17:30 Castle Age
15:39 Double-Bit Axe
16:01 Horse Collar
18:49 Bow Saw
20:02 Loom
21:12 Bloodlines
espen25hansen
0:32 Loom
11:35 Feudal Age
15:40 Horse Collar
15:48 Double-Bit Axe
19:01 Wheelbarrow
18:34 Town Watch
19:12 Bloodlines
20:25 Forging
21:42 Scale Barding Armor
27:53 Castle Age
31:24 Hand Cart
32:32 Elite Skirmisher
33:10 Fletching
33:42 Padded Archer Armor
33:50 Thumb Ring
34:53 Leather Archer Armor
35:24 Bow Saw
36:11 Bodkin Arrow
39:18 Town Patrol
40:22 Iron Casting
40:07 Chain Barding Armor
Prcmt
11:25 Feudal Age
15:11 Castle Age
14:02 Double-Bit Axe
14:04 Horse Collar
17:12 Bow Saw
21:08 Gold Mining
21:10 Stone Mining
21:31 Heavy Plow
23:11 Fletching
24:45 Wheelbarrow
23:55 Loom
24:43 Ballistics
25:15 Padded Archer Armor
25:39 Bodkin Arrow
26:42 Leather Archer Armor
27:12 Husbandry
27:37 Bloodlines
28:55 Husbandry
32:01 Hand Cart
31:32 Town Watch
32:51 Hand Cart
32:36 Town Patrol
34:17 Silk Armor
37:34 Light Cavalry
40:57 Imperial Age
Carple
2:12 Loom
10:41 Feudal Age
11:41 Double-Bit Axe
17:22 Castle Age
15:47 Stone Mining
15:57 Horse Collar
18:23 Bow Saw
18:52 Husbandry
21:06 Padded Archer Armor
34:00 Imperial Age
32:07 Leather Archer Armor
34:26 Fletching
35:57 Wheelbarrow
35:38 Heavy Plow
35:40 Gold Mining
35:58 Elite Conquistador
37:56 Chemistry
37:44 Conscription
39:24 Ring Archer Armor
capitan sapito
2:32 Loom
10:55 Feudal Age
12:22 Double-Bit Axe
19:15 Castle Age
18:55 Fletching
19:21 Crossbowman
23:47 Horse Collar
24:12 Padded Archer Armor
26:38 Ballistics
26:50 Leather Archer Armor
35:25 Wheelbarrow
35:42 Thumb Ring
35:34 Town Watch
38:10 Hand Cart
Monismo
9:47 Loom
17:41 Feudal Age
22:07 Castle Age
21:13 Double-Bit Axe
21:12 Horse Collar
21:49 Gold Mining
21:50 Stone Mining
28:13 Heavy Plow
29:40 Bow Saw
30:09 Husbandry
30:20 Bloodlines
38:34 Imperial Age
37:45 Scale Barding Armor
40:29 Two-Man Saw
40:10 Crop Rotation
agustinolivares7
2:53 Loom
11:45 Feudal Age
15:57 Double-Bit Axe
19:56 Castle Age
19:22 Stone Mining
26:10 Fletching
29:06 Scale Barding Armor
30:42 Bodkin Arrow
33:18 Bow Saw
35:21 Wheelbarrow
Connection lost

Rejoining the realm…

Still unreachable

The connection could not be restored.

Session expired

The server has moved on; the page needs a fresh start.